 Dungeon Crawl Stone Soup version 0.23.2-1-ga50397a (webtiles) character file.

Game seed: 17251383451903807987

1695 erloom the Grappler (level 8, -5/79 HPs)
             Began as a Troll Berserker on Apr 16, 2019.
             Was an Elder of Trog.
             Killed from afar by Kairos's ghost (26 damage)
             ... with a stone arrow
             ... on level 5 of the Dungeon.
             The game lasted 00:07:37 (2889 turns).

erloom the Grappler (Troll Berserker)               Turns: 2889, Time: 00:07:38

Health: -5/79      AC: 11    Str: 28    XL:     8   Next: 72%
Magic:  7/7        EV: 17    Int:  3    God:    Trog [****..]
Gold:   203        SH:  0    Dex: 14    Spells: 7/7 levels left

rFire    + . .     SeeInvis .     - Unarmed
rCold    + . .     Gourm    +   (no shield)
rNeg     . . .     Faith    .   a - +0 animal skin
rPois    .         Spirit   .   n - +2 hat
rElec    .         Reflect  .   j - scarf {rC+ rF+}
rCorr    .         Harm     .   (gloves unavailable)
MR       ++...                  (boots unavailable)
Stlth    ++........             (no amulet)
HPRegen  1.63/turn              m - +3 ring of protection
MPRegen  0.10/turn              (no ring)

@: agile, berserk cooldown, regenerating, slowed, very slow
A: large, unfitting armour, claws 3, fast metabolism 3, gourmand, regeneration
1, shaggy fur 1, tough skin 3
a: Berserk, Trog's Hand, Brothers in Arms, Renounce Religion


You were on level 5 of the Dungeon.
You worshipped Trog.
Trog was greatly pleased with you.
You were very full.

You visited 1 branch of the dungeon, and saw 5 of its levels.

You collected 203 gold pieces.

Inventory:

Missiles
 l - 10 tomahawks (quivered)
Armour
 a - a +0 animal skin (worn)
 j - a scarf of resistance (worn)
 n - a +2 hat (worn)
 p - a +0 cloak
Jewellery
 m - a +3 ring of protection (left claw)
 o - an uncursed ring of resist corrosion {unknown}
 t - an uncursed ring of fire {unknown}
Scrolls
 c - a scroll of noise {unknown}
 f - 2 scrolls of fog {unknown}
 g - 5 scrolls of identify {unknown}
 i - 4 scrolls of blinking {unknown}
 k - a scroll of teleportation {unknown}
 s - a scroll of remove curse {unknown}
Potions
 d - a potion of degeneration {unknown}
 e - 2 potions of haste {unknown}
 h - 2 potions of agility
 q - 2 potions of resistance {unknown}
 u - a potion of ambrosia {unknown}
Comestibles
 b - 13 rations
 r - 10 chunks of flesh


   Skills:
 + Level 4.7 Fighting
 + Level 4.7 Dodging
 * Level 9.3 Unarmed Combat


You had 7 spell levels left.
You didn't know any spells.
Your spell library was empty.

Dungeon Overview and Level Annotations

Branches:
Dungeon (5/15)
 Temple: D:4-7

Altars:
Ashenzari
Gozag
Hepliaklqana
Qazlal
Sif Muna
Trog

Shops:
D:5 %

Annotations:
D:5 Borgoz's ghost, novice GrGl; Kairos's ghost, journeyman FoEE


Innate Abilities, Weirdness & Mutations

You are too large for most types of armour.
You have claws for hands.
Your metabolism is lightning-fast.
You like to eat raw meat.
Your natural rate of healing is unusually fast.
You are covered in fur. (AC +1)
You have extremely tough skin. (AC +3)


Message History

Kairos's ghost gestures at you while chanting.
The stone arrow hits you!!
* * * LOW HITPOINT WARNING * * *
Some of the chunks of flesh in your inventory have rotted away.
Okay, then.
Okay, then.
It was a potion of agility.
You feel agile all of a sudden.
Kairos's ghost hits you but does no damage.
Okay, then.
You fail to use your ability.
Kairos's ghost hits you but does no damage.
Your skin crawls.
You feel resistant to hostile enchantments.
You feel somewhat less full.
Borgoz's ghost shouts, "You must not succeed where I failed!"
Kairos's ghost completely misses you.
Kairos's ghost points at you and mumbles some strange words.
The stone arrow hits you!!
You die...

≈##
≈...#....#..#....8######
.≈≈≈≈≈≈≈≈≈≈..#.#
#.##.8$.##....[
.≈≈#≈>.≈#....# #.#
#######..##
≈≈≈#≈_⌠≈#..≈.#.# #.# ##.#
.≈.#≈≈≈≈#.≈..#.# #.# #.#
...###≈##≈≈..#.####.#######
##.#
......≈≈≈......#..W.......#
#..##
......≈≈....(.....W.#####.#
#.... ...............#@####
#.# #....
##.#######.##..#.##
##.####### #.#
#......#.######..)## # #.#
####..###......###)#####
#.# ##..#.####..# #.)....
#.# #.#.## ##÷###.##### #.#
##.#.#######...## #.#
#..........##.## #.#
####..#.#####.##.#####


You could see Borgoz's ghost and Kairos's ghost.

Vanquished Creatures
  The ghost of DungeonDestroyer the Chopper, a novice DrMo (D:5)
  The ghost of Frank the Skirmisher, an amateur OpFi (D:5)
  The ghost of kae the Changer, an amateur DsTm (D:4)
  A phantom (D:4)
  A black bear (D:3)
  A bullfrog (D:4)
  2 howler monkeys
  2 hounds
  2 orc priests
  A bullfrog zombie (D:4)
  6 orc wizards (D:5)
  3 worker ants
  5 adders
  2 river rats (D:4)
  An ooze (D:1)
  4 worms
  2 dart slugs (D:2)
  2 leopard geckos
  15 orcs
  4 ball pythons
  5 giant cockroaches
  6 goblins
  8 hobgoblins
  6 jackals
  A quokka (D:5)
  6 bats
  5 frilled lizards
  A giant cockroach zombie (D:5)
  4 kobolds
  A quokka skeleton (D:5)
  7 rats
107 creatures vanquished.

Notes
Turn   | Place    | Note
-------+----------+-------------------------------------------
     0 | D:1      | erloom the Troll Berserker began the quest for the Orb.
     0 | D:1      | Reached XP level 1. HP: 22/22 MP: 0/0
   215 | D:1      | Reached XP level 2. HP: 29/29 MP: 1/1
   669 | D:2      | Reached skill level 4 in Unarmed Combat
   705 | D:2      | Found a faded altar of an unknown god.
   732 | D:2      | Reached XP level 3. HP: 29/36 MP: 2/2
   746 | D:2      | Reached ** piety under Trog
   919 | D:2      | Reached XP level 4. HP: 41/44 MP: 3/3
   931 | D:2      | Reached skill level 5 in Unarmed Combat
  1085 | D:2      | Found a shattered altar of Ashenzari.
  1341 | D:3      | Found a deep blue altar of Sif Muna.
  1380 | D:3      | Noticed a black bear
  1387 | D:3      | Killed a black bear
  1387 | D:3      | Reached skill level 6 in Unarmed Combat
  1387 | D:3      | Reached XP level 5. HP: 40/50 MP: 4/4
  1685 | D:3      | Found a deep blue altar of Sif Muna.
  1773 | D:4      | Found an opulent altar of Gozag.
  1916 | D:4      | Reached XP level 6. HP: 56/59 MP: 5/5
  1920 | D:4      | Reached *** piety under Trog
  2038 | D:4      | Reached skill level 7 in Unarmed Combat
  2094 | D:4      | Found a runed translucent door.
  2099 | D:4      | Noticed kae's ghost (amateur DsTm)
  2117 | D:4      | Reached XP level 7. HP: 67/67 MP: 6/6
  2121 | D:4      | Killed kae's ghost
  2143 | D:4      | Found a runed translucent door.
  2228 | D:4      | Found a bloodstained altar of Trog.
  2505 | D:5      | Entered Level 5 of the Dungeon
  2596 | D:5      | Reached skill level 8 in Unarmed Combat
  2728 | D:5      | Reached XP level 8. HP: 76/78 MP: 7/7
  2737 | D:5      | Reached **** piety under Trog
  2780 | D:5      | Found a stormy altar of Qazlal.
  2822 | D:5      | Found a hazy altar of Hepliaklqana.
  2827 | D:5      | Found Wiutius's Food Boutique.
  2852 | D:5      | Found a runed translucent gate.
  2853 | D:5      | Found a runed translucent gate.
  2853 | D:5      | Found a runed translucent gate.
  2854 | D:5      | Noticed Frank's ghost (amateur OpFi)
  2855 | D:5      | Noticed Kairos's ghost (journeyman FoEE)
  2855 | D:5      | Noticed DungeonDestroyer's ghost (novice DrMo)
  2855 | D:5      | Noticed Borgoz's ghost (novice GrGl)
  2865 | D:5      | Killed Frank's ghost
  2876 | D:5      | Killed DungeonDestroyer's ghost
  2876 | D:5      | Reached skill level 9 in Unarmed Combat
  2889 | D:5      | Killed from afar by Kairos's ghost

Skill      XL: |  1  2  3  4  5  6  7  8 |
---------------+-------------------------+-----
Unarmed Combat | 4 6 7 8 9 |  9.3
Fighting       | 3 4 |  4.7
Dodging        | 3 4 |  4.7

Action                   |  1- 3 |  4- 6 |  7- 9 || total
-------------------------+-------+-------+-------++-------
Melee: Unarmed           |    80 |   169 |    83 ||   332
       Punch             |       |     1 |     3 ||     4
Invok: Berserk           |       |     1 |     1 ||     2
       Trog's Hand       |       |       |     1 ||     1
  Use: Potion            |       |       |     1 ||     1
  Eat: Chunk             |    14 |    11 |     8 ||    33
Armor: Animal skin       |    41 |    68 |    26 ||   135
Dodge: Dodged            |    38 |    79 |    22 ||   139
